 Dungeon Crawl Stone Soup version 0.29.1 (webtiles) character file.

Game seed: 9684051260743689052

326 ILmort the Chopper (level 6, -6/56 HPs)
             Began as a Hill Orc Fighter on Sept 14, 2022.
             Killed from afar by Ijyb (20 damage)
             ... with a bolt of dispelling energy
             ... on level 4 of the Dungeon.
             The game lasted 00:06:08 (3285 turns).

ILmort the Chopper (Hill Orc Fighter)               Turns: 3285, Time: 00:06:08

Health: -6/56      AC: 10    Str: 21    XL:     6   Next: 49%
Magic:  6/6        EV:  9    Int:  8    God:
Gold:   219        SH:  4    Dex: 10    Spells: 5/5 levels left

rFire   . . .      SeeInvis .   a - +0 war axe
rCold   . . .      Faith    .   c - +0 buckler
rNeg    . . .      Spirit   .   o - +3 scale mail
rPois   .          Reflect  .   (no helmet)
rElec   .          Harm     .   (no cloak)
rCorr   .          Rampage  .   (no gloves)
Will    .....                   (no boots)
Stlth   ..........              (no amulet)
HPRegen 0.18/turn               (no ring)
MPRegen 0.10/turn               (no ring)

@: no status effects
A: no striking features
a: no special abilities


You were on level 4 of the Dungeon.
You visited 1 branch of the dungeon, and saw 4 of its levels.

You collected 219 gold pieces.

Inventory:

Hand Weapons
 a - a +0 war axe (weapon)
Missiles
 f - 17 poisoned darts (quivered)
 i - 11 javelins
Armour
 c - a +0 buckler (worn)
 o - a +3 scale mail (worn)
Jewellery
 e - an amulet of magic regeneration
Scrolls
 b - a scroll of noise
 k - 3 scrolls of poison {unknown}
 m - a scroll of silence
 n - a scroll of fog {unknown}
 r - a scroll of immolation {unknown}
 u - a scroll of vulnerability {unknown}
Potions
 d - a potion of degeneration {unknown}
 g - 2 potions of cancellation {unknown}
 h - 2 potions of haste {unknown}
 l - a potion of flight {unknown}
 p - 4 potions of resistance
 q - a potion of brilliance {unknown}
 s - a potion of heal wounds {unknown}
 t - a potion of ambrosia {unknown}
 v - a potion of magic {unknown}


   Skills:
 + Level 5.1 Fighting
 * Level 6.2 Axes
 + Level 4.6 Armour
 - Level 4.0 Shields


You had 5 spell levels left.
You didn't know any spells.
Your spell library was empty.

Dungeon Overview and Level Annotations

Branches:
Dungeon (4/15)
 Temple: D:4-7

Altars:
Fedhas
Zin

Annotations:
D:4 Ijyb


Message History

You kill the goblin!
The goblin hits you but does no damage.
Ijyb shouts!
You completely miss Ijyb. You closely miss the goblin.
Ijyb completely misses you. The goblin closely misses you.
You closely miss Ijyb. You hit the goblin.
You kill the goblin!
Ijyb zaps a wand.
The bolt of dispelling energy hits you!!
You are too injured to fight recklessly!
You are too injured to fight recklessly!
You are too injured to fight recklessly!
You are too injured to fight recklessly!
You are too injured to fight recklessly!
You are too injured to fight recklessly!
You are too injured to fight recklessly!
You are too injured to fight recklessly!
You are too injured to fight recklessly!
You are too injured to fight recklessly!
You are too injured to fight recklessly!
You are too injured to fight recklessly!
You are too injured to fight recklessly!
You are too injured to fight recklessly!
You are too injured to fight recklessly!
You are too injured to fight recklessly!
You are too injured to fight recklessly!
You are too injured to fight recklessly!
You closely miss Ijyb. Ijyb hits you but does no damage.
You barely miss Ijyb. You block Ijyb's attack. Ijyb closely misses you.
You barely miss Ijyb. Ijyb hits you with a +0 club.
You hit Ijyb but do no damage.
Ijyb zaps a wand.
The bolt of dispelling energy hits you!
You hit Ijyb. Ijyb hits you but does no damage.
You slash Ijyb! Ijyb hits you but does no damage. You block Ijyb's attack.
You hit Ijyb but do no damage. Ijyb hits you with a +0 club.
You hit Ijyb.
Ijyb zaps a wand.
The bolt of dispelling energy hits you.
* * * LOW HITPOINT WARNING * * *
You closely miss Ijyb.
Ijyb zaps a wand.
The bolt of dispelling energy hits you!!
You die...

#.....##'##
#.....#...#
#.....#...#
#.....#...#
'##.....##'##
......).....#
............#
##########...#
g.....#@..#
......g)..#
......'...#
###########


You could see Ijyb.

Vanquished Creatures
  Grinder (D:3)
  A hound (D:4)
  5 adders
  A worm (D:2)
  3 dart slugs
  6 endoplasms
  3 giant cockroaches
  13 goblins
  3 hobgoblins
  3 jackals (D:4)
  7 ball pythons
  5 bats
  4 kobolds
  7 rats
62 creatures vanquished.

Vanquished Creatures (others)
  2 fungi (D:2)
  12 plants
14 creatures vanquished.

Grand Total: 76 creatures vanquished

Notes
Turn   | Place    | Note
-------+----------+-------------------------------------------
     0 | D:1      | ILmort the Hill Orc Fighter began the quest for the Orb.
     0 | D:1      | Reached XP level 1. HP: 19/19 MP: 1/1
   219 | D:1      | Reached skill level 3 in Axes
   577 | D:2      | Reached XP level 2. HP: 27/27 MP: 2/2
   913 | D:2      | Reached XP level 3. HP: 33/33 MP: 3/3
  1278 | D:2      | Found a faded altar of an unknown god.
  1686 | D:3      | Reached skill level 4 in Axes
  1703 | D:3      | Reached XP level 4. HP: 37/40 MP: 4/4
  1877 | D:3      | Found a glowing silver altar of Zin.
  2071 | D:3      | Found a blossoming altar of Fedhas.
  2080 | D:3      | Noticed Grinder
  2087 | D:3      | Paralysed by Grinder for 3 turns
  2204 | D:3      | Killed Grinder
  2205 | D:3      | Reached skill level 5 in Fighting
  2205 | D:3      | Reached skill level 5 in Axes
  2205 | D:3      | Reached XP level 5. HP: 12/48 MP: 5/5
  2205 | D:3      | Reached XP level 6. HP: 14/56 MP: 6/6
  2800 | D:4      | Reached skill level 6 in Axes
  3268 | D:4      | Noticed Ijyb
  3285 | D:4      | Killed from afar by Ijyb

Illustrated notes

Levels and vault maps discovered:
D:1:      minmay_arrival_hallway, layout_basic
D:2:      layout_rooms, shapermc_ecumenical_altar_hornbeckon
D:3:      layout_basic, zin_academy, fedhas_ov_isle_minmay, uniq_grinder
D:4:      kennysheep_goblin_castle, layout_layer_cave, trog_butcher_becter,
          amethyst_overflow_temple_binary, minmay_surrounded,
          uniq_crazy_yiuf_cottage

Skill      XL: |  1  2  3  4  5  6 |
---------------+-------------------+-----
Axes           | 3 4 5 6 |  6.2
Fighting       | 4 5 |  5.1
Armour         | 4 |  4.6
Shields        | 4 |  4.0

Action                   |  1- 3 |  4- 6 || total
-------------------------+-------+-------++-------
Melee: War axe           |    90 |    93 ||   183
Throw: Dart              |       |     9 ||     9
  Use: Potion            |       |     2 ||     2
       Scroll            |       |     3 ||     3
Armor: Scale mail        |    48 |    43 ||    91
Dodge: Dodged            |    34 |    48 ||    82
Block: Buckler           |    29 |    26 ||    55
